3AA
BETHESDA ATOMS @ MARQUETTE MINERS
08/29/2029
 
TOP OF THE 1ST
Bethesda Atoms batting - Pitching for Marquette Miners : RHP Juan Parales
Pitching: RHP Juan Parales
Batting: RHB Héctor Amador 0-0: Ball
1-0: Called Strike
1-1: Ball
2-1: Ball
3-1: Swinging Strike
3-2: Foul Ball, location: 2F
3-2: Strikes out looking
Batting: RHB Jorge Cortéz 0-0: Called Strike
0-1: Swinging Strike
0-2: Ball
1-2: SOLO HOME RUN (Flyball, 7LD), Distance : 387 ft
Batting: RHB Raúl Francisco 0-0: Ball
1-0: Ball
2-0: Called Strike
2-1: Swinging Strike
2-2: Strikes out swinging
Batting: RHB Albert Zamudio 0-0: Ball
1-0: Foul Ball, location: 2F
1-1: Ball
2-1: Foul Ball, location: 2F
2-2: Fly out, F3 (Popup, 3S)
Top of the 1st over - 1 run, 1 hit, 0 errors, 0 left on base; Bethesda 1 - Marquette 0
BOTTOM OF THE 1ST
Marquette Miners batting - Pitching for Bethesda Atoms : RHP Vincent O'Higgin
Pitching: RHP Vincent O'Higgin
Batting: LHB Francisco Alfaro 0-0: Ball
1-0: Ball
2-0: Ball
3-0: Called Strike
3-1: Base on Balls
Batting: RHB Juan Tellado 0-0: Ball
1-0: Called Strike
1-1: Ball
2-1: Ball
3-1: SINGLE (Line Drive, 89S)
Francisco Alfaro to second
Runner from 2nd tries for 3rd, SAFE, no throw
Batting: RHB Edgar Balerio 0-0: Called Strike
0-1: Foul Ball, location: 2F
0-2: Foul Ball, location: 2F
0-2: Fly out, F9 (Flyball, 9S)
Batting: LHB Shelby Noonan 0-0: Foul Ball, location: 2F
0-1: Ball
1-1: Ball
2-1: Ball
3-1: Foul Ball, location: 2F
3-2: Base on Balls
Juan Tellado to second
Batting: RHB Mark Keys 0-0: Called Strike
0-1: Ball
1-1: Foul Ball, location: 2F
1-2: Fielders Choice at 2nd, 6-4 (Groundball, 6)
Francisco Alfaro scores
Juan Tellado to third
Batting: RHB Manuel Rosales 0-0: Ball
1-0: Ball
2-0: DOUBLE (Line Drive, 8RD)
Juan Tellado scores
Mark Keys to third
Runner from 3rd tries for Home, SAFE, no throw
Batting: LHB Dong-hwan Yun 0-0: Ball
1-0: Ball
2-0: Called Strike
2-1: Ground out U3 (Groundball, 3)
Bottom of the 1st over - 3 runs, 2 hits, 0 errors, 1 left on base; Bethesda 1 - Marquette 3
TOP OF THE 2ND
Bethesda Atoms batting - Pitching for Marquette Miners : RHP Juan Parales
Batting: RHB José Leyva 0-0: Fly out, F7 (Flyball, 7LMF)
Batting: RHB Diego Romero 0-0: Called Strike
0-1: Foul Ball, location: 2F
0-2: Strikes out swinging, 2-3 out at first.
Batting: LHB Manuel Márquez 0-0: Ball
1-0: Foul Ball, location: 2F
1-1: Foul Ball, location: 2F
1-2: Foul Ball, location: 2F
1-2: Foul Ball, location: 2F
1-2: Ball
2-2: Strikes out looking
Top of the 2nd over - 0 runs, 0 hits, 0 errors, 0 left on base; Bethesda 1 - Marquette 3
BOTTOM OF THE 2ND
Marquette Miners batting - Pitching for Bethesda Atoms : RHP Vincent O'Higgin
Batting: RHB Sameen Shaw 0-0: Ball
1-0: Ground out 5-3 (Groundball, 5)
Batting: RHB Ryan French 0-0: Ball
1-0: Foul Ball, location: 2F
1-1: Ball
2-1: Ground out 5-3 (Groundball, 56S)
Batting: LHB Francisco Alfaro 0-0: Called Strike
0-1: Swinging Strike
0-2: Ball
1-2: Foul Ball, location: 2F
1-2: Fly out, F5 (Popup, 5F)
Bottom of the 2nd over - 0 runs, 0 hits, 0 errors, 0 left on base; Bethesda 1 - Marquette 3
TOP OF THE 3RD
Bethesda Atoms batting - Pitching for Marquette Miners : RHP Juan Parales
Batting: RHB Bernardo Martínez 0-0: Ball
1-0: Ground out 4-3 (Groundball, 4M)
Batting: RHB Juan Moreno 0-0: Ball
1-0: SINGLE (Groundball, 56) (infield hit)
Batting: RHB Héctor Amador 0-0: Grounds into double play, 6-4-3 (Groundball, 56)
Top of the 3rd over - 0 runs, 1 hit, 0 errors, 0 left on base; Bethesda 1 - Marquette 3
BOTTOM OF THE 3RD
Marquette Miners batting - Pitching for Bethesda Atoms : RHP Vincent O'Higgin
Batting: RHB Juan Tellado 0-0: Ball
1-0: Foul Ball, location: 2F
1-1: Swinging Strike
1-2: Foul Ball, location: 2F
1-2: Foul Ball, location: 2F
1-2: DOUBLE (Line Drive, 7LS)
Batting: RHB Edgar Balerio 0-0: Ball
1-0: Called Strike
1-1: Ball
2-1: Ground out 6-3 (Groundball, 6)
Batting: LHB Shelby Noonan 0-0: Ground out 6-3 (Groundball, 6)
Juan Tellado to third
Batting: RHB Mark Keys 0-0: Ball
1-0: Called Strike
1-1: Ball
2-1: Foul Ball, location: 2F
2-2: Ground out 6-3 (Groundball, 6S)
Bottom of the 3rd over - 0 runs, 1 hit, 0 errors, 1 left on base; Bethesda 1 - Marquette 3
TOP OF THE 4TH
Bethesda Atoms batting - Pitching for Marquette Miners : RHP Juan Parales
Batting: RHB Jorge Cortéz 0-0: Swinging Strike
0-1: Called Strike
0-2: Foul Ball, location: 2F
0-2: Strikes out swinging
Batting: RHB Raúl Francisco 0-0: Ball
1-0: Ball
2-0: Foul Ball, location: 2F
2-1: Fly out, F7 (Flyball, 7D)
Batting: RHB Albert Zamudio 0-0: Ball
1-0: SINGLE (Groundball, 15S) (infield hit)
Batting: RHB José Leyva 0-0: Called Strike
0-1: Ground out 6-3 (Groundball, 6M)
Top of the 4th over - 0 runs, 1 hit, 0 errors, 1 left on base; Bethesda 1 - Marquette 3
BOTTOM OF THE 4TH
Marquette Miners batting - Pitching for Bethesda Atoms : RHP Vincent O'Higgin
Batting: RHB Manuel Rosales 0-0: Ground out 5-3 (Groundball, 56)
Batting: LHB Dong-hwan Yun 0-0: Called Strike
0-1: Ball
1-1: Ground out 4-3 (Groundball, 4D)
Batting: RHB Sameen Shaw 0-0: Ball
1-0: Ball
2-0: Ball
3-0: Base on Balls
Batting: RHB Ryan French 0-0: SINGLE (Groundball, 34D)
Sameen Shaw to second
Runner from 2nd tries for 3rd, SAFE, no throw
Batting: LHB Francisco Alfaro 0-0: Foul Ball, location: 2F
0-1: Ball
1-1: Foul Ball, location: 2F
1-2: DOUBLE (Groundball, 5L)
Sameen Shaw scores
Ryan French to third
Batting: RHB Juan Tellado 0-0: Ball
1-0: SINGLE (Line Drive, 78M)
Ryan French scores
Francisco Alfaro to third
Runner from 3rd tries for Home, SAFE, no throw
Pitching: RHP Sergio Reyes
Batting: RHB Edgar Balerio 0-0: Called Strike
0-1: Ball
1-1: Foul Ball, location: 2F
1-2: Foul Ball, location: 2F
1-2: Ground out 4-3 (Groundball, 34)
Bottom of the 4th over - 3 runs, 3 hits, 0 errors, 1 left on base; Bethesda 1 - Marquette 6
TOP OF THE 5TH
Bethesda Atoms batting - Pitching for Marquette Miners : RHP Juan Parales
Batting: RHB Diego Romero 0-0: Ball
1-0: Called Strike
1-1: Swinging Strike
1-2: Ball
2-2: Foul Ball, location: 2F
2-2: Strikes out swinging
Batting: LHB Manuel Márquez 0-0: Ball
1-0: Swinging Strike
1-1: Fly out, F6 (Line Drive, 6)
Batting: RHB Bernardo Martínez 0-0: Swinging Strike
0-1: Ball
1-1: Called Strike
1-2: Fly out, F7 (Line Drive, 7D)
Top of the 5th over - 0 runs, 0 hits, 0 errors, 0 left on base; Bethesda 1 - Marquette 6
BOTTOM OF THE 5TH
Marquette Miners batting - Pitching for Bethesda Atoms : RHP Sergio Reyes
Batting: LHB Shelby Noonan 0-0: Called Strike
0-1: Ball
1-1: Ball
2-1: Ball
3-1: Ground out 4-3 (Groundball, 4)
Batting: RHB Mark Keys 0-0: Fly out, F8 (Flyball, 89D)
Batting: RHB Manuel Rosales 0-0: Called Strike
0-1: Foul Ball, location: 2F
0-2: Foul Ball, location: 2F
0-2: Ball
1-2: Fly out, F4 (Popup, 4)
Bottom of the 5th over - 0 runs, 0 hits, 0 errors, 0 left on base; Bethesda 1 - Marquette 6
TOP OF THE 6TH
Bethesda Atoms batting - Pitching for Marquette Miners : RHP Juan Parales
Batting: RHB Juan Moreno 0-0: Foul Ball, location: 2F
0-1: Ball
1-1: Foul Ball, location: 2F
1-2: Ball
2-2: Strikes out swinging, 2-3 out at first.
Batting: RHB Héctor Amador 0-0: Foul Ball, location: 2F
0-1: Foul Ball, location: 2F
0-2: Foul Ball, location: 2F
0-2: Ball
1-2: Strikes out swinging
Batting: RHB Jorge Cortéz 0-0: Foul Ball, location: 2F
0-1: Foul Ball, location: 2F
0-2: Ball
1-2: Strikes out swinging
Top of the 6th over - 0 runs, 0 hits, 0 errors, 0 left on base; Bethesda 1 - Marquette 6
BOTTOM OF THE 6TH
Marquette Miners batting - Pitching for Bethesda Atoms : RHP Sergio Reyes
Batting: LHB Dong-hwan Yun 0-0: Ball
1-0: Ground out 6-3 (Groundball, 6)
Batting: RHB Sameen Shaw 0-0: Swinging Strike
0-1: Ball
1-1: SINGLE (Flyball, 78S)
Batting: RHB Ryan French 0-0: Fly out, F9 (Flyball, 9S)
Batting: LHB Francisco Alfaro 0-0: Hit by Pitch
Sameen Shaw to second
Batting: RHB Juan Tellado 0-0: Ball
1-0: Called Strike
1-1: Foul Ball, location: 2F
1-2: Ball
2-2: SINGLE (Line Drive, 78S)
Sameen Shaw to third
Francisco Alfaro to second
Runner from 3rd tries for Home, SAFE, no throw
Batting: RHB Edgar Balerio 0-0: Fielders Choice at 2nd, 5-4 (Groundball, 56)
Bottom of the 6th over - 1 run, 2 hits, 0 errors, 2 left on base; Bethesda 1 - Marquette 7
TOP OF THE 7TH
Bethesda Atoms batting - Pitching for Marquette Miners : RHP Juan Parales
Batting: RHB Raúl Francisco 0-0: Ball
1-0: Swinging Strike
1-1: Ground out 6-3 (Groundball, 6)
Batting: RHB Albert Zamudio 0-0: Ground out 4-3 (Groundball, 4S)
Batting: RHB José Leyva 0-0: Ball
1-0: Ground out 6-3 (Groundball, 6)
Top of the 7th over - 0 runs, 0 hits, 0 errors, 0 left on base; Bethesda 1 - Marquette 7
BOTTOM OF THE 7TH
Marquette Miners batting - Pitching for Bethesda Atoms : RHP Sergio Reyes
Batting: LHB Shelby Noonan 0-0: Ball
1-0: Fly out, F8 (Flyball, 8LD)
Batting: RHB Mark Keys 0-0: Called Strike
0-1: Ball
1-1: Swinging Strike
1-2: Foul Ball, location: 2F
1-2: Ball
2-2: Ball
3-2: Base on Balls
Batting: RHB Manuel Rosales 0-0: Foul Ball, location: 2F
0-1: Called Strike
0-2: Ball
1-2: Foul Ball, location: 2F
1-2: Ball
2-2: Ball
3-2: Foul Ball, location: 2F
3-2: Fly out, F9 (Line Drive, 89M)
Batting: LHB Dong-hwan Yun 0-0: Called Strike
0-1: Called Strike
0-2: Foul Ball, location: 2F
0-2: Ball
1-2: Ball
2-2: Ball
3-2: Fly out, F7 (Flyball, 7LD)
Bottom of the 7th over - 0 runs, 0 hits, 0 errors, 1 left on base; Bethesda 1 - Marquette 7
TOP OF THE 8TH
Bethesda Atoms batting - Pitching for Marquette Miners : RHP Juan Parales
Batting: RHB Diego Romero 0-0: Foul Ball, location: 2F
0-1: Ball
1-1: Foul Ball, location: 2F
1-2: Ball
2-2: Fly out, F9 (Flyball, 89M)
Batting: LHB Manuel Márquez 0-0: Foul Ball, location: 2F
0-1: Ball
1-1: Ball
2-1: Ball
3-1: Base on Balls
Batting: RHB Bernardo Martínez 0-0: Ball
1-0: Foul Ball, location: 2F
1-1: SINGLE (Groundball, 6MD)
Manuel Márquez to second
Batting: RHB Juan Moreno 0-0: Called Strike
0-1: Ball
1-1: Ball
2-1: DOUBLE (Flyball, 89D)
Manuel Márquez scores
Bernardo Martínez to third
Runner from 3rd tries for Home, SAFE, no throw
Batting: RHB Héctor Amador 0-0: DOUBLE (Groundball, 5L)
Juan Moreno scores
Batting: RHB Jorge Cortéz 0-0: Called Strike
0-1: Fly out, F7 (Flyball, 78D)
Batting: RHB Raúl Francisco 0-0: Ball
1-0: Ground out 1-3 (Groundball, 15S)
Top of the 8th over - 3 runs, 3 hits, 0 errors, 1 left on base; Bethesda 4 - Marquette 7
BOTTOM OF THE 8TH
Marquette Miners batting - Pitching for Bethesda Atoms : RHP Sergio Reyes
Batting: RHB Sameen Shaw 0-0: Ball
1-0: Foul Ball, location: 2F
1-1: Foul Ball, location: 2F
1-2: Fly out, F8 (Flyball, 89S)
Batting: RHB Ryan French 0-0: Called Strike
0-1: Fly out, F7 (Line Drive, 7)
Batting: LHB Francisco Alfaro 0-0: Called Strike
0-1: Ball
1-1: SINGLE (Line Drive, 8RS)
Pitching: RHP José López
Batting: RHB Juan Tellado 0-0: Called Strike
0-1: Ball
1-1: Ball
2-1: Ball
3-1: Base on Balls
Francisco Alfaro to second
Batting: RHB Edgar Balerio 0-0: Ball
1-0: SINGLE (Line Drive, 89M)
Francisco Alfaro to third
Juan Tellado to second
Runner from 3rd tries for Home, throw and OUT!
Bottom of the 8th over - 0 runs, 2 hits, 0 errors, 2 left on base; Bethesda 4 - Marquette 7
TOP OF THE 9TH
Bethesda Atoms batting - Pitching for Marquette Miners : RHP Juan Parales
Batting: RHB Albert Zamudio 0-0: Ball
1-0: Ball
2-0: Ball
3-0: Base on Balls
Batting: RHB José Leyva 0-0: Ball
1-0: SINGLE (Groundball, 6MD)
Albert Zamudio to second
Pinch Hitting: SHB Pat Sargent 0-0: Called Strike
0-1: Grounds into double play, 4-6-3 (Groundball, 4D)
Albert Zamudio to third
Pitching: RHP Addick Lubbers
Batting: LHB Manuel Márquez 0-0: Called Strike
0-1: Ball
1-1: Foul Ball, location: 2F
1-2: Ground out 5-3 (Groundball, 56)
Top of the 9th over - 0 runs, 1 hit, 0 errors, 1 left on base; Bethesda 4 - Marquette 7
Tuesday, December 19th, 2017 - OOTP Baseball 18.8 Build 76